 Dungeon Crawl Stone Soup version 0.31.0-32-g396128a36d (webtiles) character file.

Game seed: 15907612994363165065

230 Peloso the Covered (level 5, -1/47 HPs)
             Began as a Minotaur Fighter on Apr 7, 2024.
             Slain by Pikel
             ... wielding a +1 whip of freezing
              (3 damage)
             ... on level 3 of the Dungeon.
             The game lasted 00:04:54 (2323 turns).

Peloso the Covered (Minotaur Fighter)               Turns: 2323, Time: 00:04:54

Health: -1/47      AC:  8    Str: 20    XL:     5   Next: 72%
Magic:  4/4        EV:  9    Int:  5    God:
Gold:   51         SH:  5    Dex: 12    Spells: 4/4 levels left

rFire   . . .        a - +3 long sword
rCold   . . .        d - +0 buckler
rNeg    . . .        b - +0 scale mail
rPois   .            (helmet restricted)
rElec   .            c - +0 cloak
rCorr   .            (no gloves)
SInv    .            (no boots)
Will    .....        (no amulet) Stlth
                     (no ring)
HPRegen 0.27/turn    (no ring)
MPRegen 0.09/turn

%: no passive effects
@: no status effects
A: horns 2, retaliatory headbutt
a: no special abilities


You were on level 3 of the Dungeon.
You visited 1 branch of the dungeon, and saw 4 of its levels.

You collected 51 gold pieces.

Inventory:

Hand Weapons
 a - a +3 long sword (weapon)
Armour
 b - a +0 scale mail (worn)
 c - a +0 cloak (worn)
 d - a +0 buckler (worn)
Jewellery
 h - a +5 ring of evasion
 n - an amulet of the acrobat
Talismans
 j - a serpent talisman
Scrolls
 f - a scroll of identify
 i - a scroll of noise {unknown}
Potions
 e - 2 potions of mutation {unknown}
 g - a potion of enlightenment
 l - 3 potions of might
 m - a potion of degeneration {unknown}


   Skills:
 + Level 4.3 Fighting
 + Level 4.8 Long Blades
 + Level 5.0 Armour
 + Level 1.1 Dodging
 + Level 0.5 Stealth
 + Level 4.5 Shields


You had 4 spell levels left.
You didn't know any spells.
Your spell library contained the following spells:

 Spells                   Type           Power      Damage    Failure   Level
 Apportation              Tloc           0%         N/A       87%         1
 Necrotise                Necr           0%         1d4       87%         1
 Sting                    Conj/Alch      0%         1d3       87%         1
 Summon Small Mammal      Summ           0%         N/A       87%         1
 Ensorcelled Hibernation  Hex/Ice        0%         N/A       95%         2
 Passwall                 Erth           0%         N/A       99%         3
 Swiftness                Air            0%         N/A       99%         3


Dungeon Overview and Level Annotations

Branches:
Dungeon (4/15)
 Temple: D:4-7

Altars:
Ru

Annotations:
D:2 Sigmund
D:3 Pikel


Innate Abilities, Weirdness & Mutations

You have a pair of horns on your head.
You reflexively headbutt those who attack you in melee.


Message History

Pikel attacks as he pursues you!
Pikel hits you with a +1 whip of freezing!
Pikel freezes you.
* * * LOW HITPOINT WARNING * * *
Pikel attacks as he pursues you!
Pikel hits you with a +1 whip of freezing!
* * * LOW HITPOINT WARNING * * *
Pikel freezes you.
* * * LOW HITPOINT WARNING * * *
There is a stone staircase leading up, spattered with blood here.
Pikel hits you with a +1 whip of freezing.
* * * LOW HITPOINT WARNING * * *
Pikel freezes you.
* * * LOW HITPOINT WARNING * * *
You climb upwards.
There is a stone staircase leading down here.
You feel better. Pikel hits you but does no damage.
Okay, then.
Pikel attacks as he pursues you!
Pikel hits you with a +1 whip of freezing.
* * * LOW HITPOINT WARNING * * *
Pikel freezes you.
* * * LOW HITPOINT WARNING * * *
Pikel attacks as he pursues you!
Pikel hits you with a +1 whip of freezing.
* * * LOW HITPOINT WARNING * * *
Pikel freezes you.
* * * LOW HITPOINT WARNING * * *
Pikel attacks as he pursues you! Pikel barely misses you.
There is a stone staircase leading up here.
Pikel attacks as he pursues you! Pikel hits you but does no damage.
Pikel attacks as he pursues you!
Pikel hits you with a +1 whip of freezing.
* * * LOW HITPOINT WARNING * * *
Pikel freezes you.
* * * LOW HITPOINT WARNING * * *
Pikel attacks as he pursues you!
Pikel hits you with a +1 whip of freezing.
You die...
Pikel says, "Another soul for the market."

.....# #.##.# #.##............
####.###.##.######.###..#....#.##
# #........#......# ##.#.##.#.# #
#..##.####.##.### #.#..#.#.# #
#...#.# #.##.# #.##.#.#.# #
#...#'####.##.# #......#.## #
##.........##.#########.#.....
#####...>...........#...##.#....#
..........###...@##...#......#...
######....###+##K#########.#.#<##
#.#.......#....# #.#.#.#.
#.#.......#.##.# #...#.#.
#.#.......#.##.### #####.#.
#####.#.......#.##...########.#.
#.............#...............#.
#....##.......######..#########.
#....##.......# ##.# #.


You could see Pikel.

Vanquished Creatures
  2 lemures (D:4)
  A scorpion (D:3)
  A bombardier beetle (D:4)
  An iguana (D:4)
  3 adders
  3 gnolls (D:4)
  2 dart slugs
  A ribbon worm (D:2)
  4 endoplasms
  2 giant cockroaches
  8 hobgoblins
  2 quokkas
  2 ball pythons
  6 bats
  5 goblins
  4 kobolds
  4 rats (D:1)
51 creatures vanquished.

Notes
Turn   | Place    | Note
-------+----------+-------------------------------------------
     0 | D:1      | Peloso the Minotaur Fighter began the quest for the Orb.
     0 | D:1      | Reached XP level 1. HP: 19/19 MP: 0/0
   116 | D:1      | Reached XP level 2. HP: 24/27 MP: 1/1
   323 | D:1      | Found a faded altar of an unknown god.
   326 | D:1      | Reached skill level 4 in Armour
   909 | D:2      | Reached XP level 3. HP: 28/33 MP: 2/2
  1040 | D:2      | Noticed Sigmund
  1057 | D:3      | Found a sacrificial altar of Ru.
  1195 | D:3      | Noticed a scorpion
  1206 | D:3      | Killed a scorpion
  1207 | D:3      | Reached XP level 4. HP: 34/40 MP: 3/3
  1979 | D:4      | Reached XP level 5. HP: 46/46 MP: 4/4
  2029 | D:4      | Reached skill level 1 in Dodging
  2108 | D:4      | Noticed a lemure
  2119 | D:4      | Killed a lemure
  2126 | D:4      | Reached skill level 5 in Armour
  2126 | D:4      | Noticed a lemure
  2136 | D:4      | Noticed a lemure
  2154 | D:4      | Killed a lemure
  2267 | D:4      | Noticed Pikel
  2274 | D:4      | Noticed a lemure
  2278 | D:4      | HP: 2/47 [Pikel/+1 whip of freezing (1)]
  2322 | D:3      | HP: 2/47 [Pikel/+1 whip of freezing (1)]
  2323 | D:3      | Slain by Pikel

Illustrated notes

Levels and vault maps discovered:
D:1:      mainiacjoe_arrival_oval_in_oval, layout_basic, basic_ecumenical_altar
D:2:      layout_rooms, uniq_sigmund
D:3:      minmay_door_path, layout_basic, mainiacjoe_overflow_tiny_flanked,
          serial_park_tiny_2
D:4:      layout_loops_ring, mainiacjoe_overflow_two_lobes, uniq_pikel

Skill      XL: |  1  2  3  4  5 |
---------------+----------------+-----
Shields        | 4 |  4.5
Armour         | 4 5 |  5.0
Fighting       | 4 |  4.3
Long Blades    | 3 4 |  4.8
Dodging        | 1 |  1.1
Stealth        | |  0.5

Action                     |  1- 3 |  4- 6 || total
---------------------------+-------+-------++-------
  Melee: Long sword        |    91 |    49 ||   140
         Headbutt          |    14 |    11 ||    25
    Use: Potion            |     2 |     1 ||     3
         Scroll            |     2 |       ||     2
 Armour: Scale mail        |    78 |    35 ||   113
  Dodge: Dodged            |    44 |    24 ||    68
  Block: Buckler           |    24 |    16 ||    40
